cohdb
Replays
Latest Replays
All Replays
Popular Replays
Top Player Replays
Match Explorer
How It Works
Community
CoH3 Stats
Reddit
Sign in to upload your games and track your stats! →
Sign in with Steam
rollercoaster with a dak tiger and a base race
Match 9819771
Overview
Messages
Build Orders
End
Engineer Squad
Construct Barracks
Selects Armored Battlegroup
Selects Veteran Crews
Selects Fast Deploy
1⁄4-ton 4x4 Truck
Riflemen Squad
Riflemen Squad
Riflemen Squad
Mechanized Support Center
Construct Motor Pool
Selects M31 Recovery Vehicle
M8 Greyhound Armored Car
Construct Medical Station
M1918 Browing Automatic Rifles
Improvised Armor
M24 Chaffee Light Tank
Selects War Machine
M24 Chaffee Light Tank
Grenade Package
M1 Anti-tank Gun Team
M1 Anti-tank Gun Team
Riflemen Squad
M1 Anti-tank Gun Team
Smoke Shells
Selects Seek and Destroy
Riflemen Squad
Construct Tank Depot
M4A1 Sherman Medium Tank
Seek and Destroy
M4A1 Sherman Medium Tank
Selects M4A3E8 Sherman Combat Group
Engineer Squad
M4A1 76mm Conversion
M18 Hellcat Tank Destroyer
M4A1(76) Sherman Medium Tank
M18 Hellcat Tank Destroyer
M18 Hellcat Tank Destroyer
Engineer Squad
M18 Hellcat Tank Destroyer
Seek and Destroy
Nostalgia93'
Maison Kitsuné
0
0
Comments
sign in to comment!
No comments posted yet!